Little Stars vs Remparts
(R2)
Created - December 28, 2019 at 11:41
Goals
|
| Little Stars |
3 |
2 |
3 |
8 |
| Remparts |
0 |
3 |
1 |
4 |
|
Shots
|
| Little Stars |
14 |
13 |
15 |
42 |
| Remparts |
8 |
15 |
3 |
26 |
|
1st period
1. Little Stars , Evgeny Kuznetsov 11 (Anton Cederholm 8) at 3:05 (PP)
2. Little Stars , Zach Budish 3 (Dana Tyrell 14, Tyson Barrie 7) at 11:30
3. Little Stars , Evgeny Kuznetsov 12 (Jesse Joensuu 19, Anton Cederholm 9) at 16:41
Penalties :
Guillaume Desbiens (Que) for Roughing (Minor) at 1:40, Emile Poirier (Tex) for Hooking (Minor) at 18:31
2nd period
4. Little Stars , Evgeny Kuznetsov 13 (Dana Tyrell 15) at 0:06 (SH)
5. Remparts , Max Reinhart 8 (William Colbert 6, Pontus Aberg 15) at 0:22 (PP)
6. Little Stars , Evgeny Kuznetsov 14 (Tyler Wotherspoon 12, Tyson Barrie 8) at 4:04
7. Remparts , William Colbert 3 (Michal Jordan 10, Jonathan Matsumoto 1) at 12:02 (PP)
8. Remparts , Nail Yakupov 14 (Cédric Lalonde-McNicoll 13) at 12:49
Penalties :
Scott Kosmachuck (Tex) for Tripping (Minor) at 11:26, Cédric Lalonde-McNicoll (Que) for Cross-checking (Minor) at 15:11, Keaton Thompson (Que) for Goalie Interference (Minor) at 16:34
3rd period
9. Little Stars , Michael Mersch 14 (Daniel O'regan 12, Patrick Wiercioch 9) at 4:34
10. Little Stars , Jesse Joensuu 15 (Scott Kosmachuck 9, Evgeny Kuznetsov 27) at 6:33
11. Little Stars , Michael Mersch 15 (Zach Budish 7, Dana Tyrell 16) at 9:14
12. Remparts , Nail Yakupov 15 (Matt Puempel 6, Cédric Lalonde-McNicoll 14) at 12:25
Penalties :
Jesse Joensuu (Tex) for Interference (Minor) at 2:33, William Colbert (Que) for High sticking (Minor) at 9:22, Brendan Perlini (Que) for Tripping (Minor) at 14:40, Jesse Joensuu (Tex) for Roughing (Minor) at 15:29, Jake Virtanen (Que) for Slashing (Minor) at 17:53
Goalie Stats
Matt Murray (Tex), 22 saves from 26 shots - (0.846), W, 11-8-2, 60:00 minutes
Garret Sparks (Que), 11 saves from 15 shots - (0.733), 20:06 minutes
Igor Bobkov (Que), 23 saves from 27 shots - (0.852), L, 5-4-1, 39:54 minutes
Players Stats for Little Stars
Player Name G A P +/- PIM S H SB GA TA FO MP PP MP PK MP
------------------------------------------------------------------------------------
Anton Cederholm 0 2 2 0 0 2 1 0 0 0 0/0 20:47 3:02 1:59
Dana Tyrell 0 3 3 3 0 5 3 0 2 0 3/12 20:53 4:20 3:16
Daniel O'regan 0 1 1 0 0 2 1 0 0 0 0/3 10:04 0:00 0:25
Daniil Tarasov 0 0 0 0 0 1 0 0 0 0 0/0 6:42 0:00 0:00
Emile Poirier 0 0 0 -1 2 0 0 0 0 0 1/1 9:36 0:00 0:00
Evgeny Kuznetsov 4 1 5 3 0 8 2 2 1 0 14/34 24:07 5:04 3:16
Jason Dickinson 0 0 0 0 0 0 1 1 0 0 0/3 6:42 0:00 0:00
Jesse Joensuu 1 1 2 3 4 4 2 0 1 2 1/3 20:42 5:06 0:26
Julien Nantel 0 0 0 0 0 0 0 0 0 0 0/0 1:11 0:00 1:08
Justin Auger 0 0 0 0 0 0 0 0 0 0 0/0 0:54 0:25 0:00
Michael Mersch 2 0 2 3 0 3 2 0 2 0 1/1 17:25 4:20 0:32
Patrick Wiercioch 0 1 1 0 0 3 6 2 0 0 0/0 20:47 3:02 1:59
Radel Fazleev 0 0 0 0 0 0 0 0 0 0 0/0 0:07 0:07 0:00
Reece Willcox 0 0 0 3 0 0 0 0 0 1 0/0 10:41 0:00 0:00
Scott Kosmachuck 0 1 1 2 2 3 3 0 1 0 1/3 21:58 4:59 1:27
Sebastian Wannstrom 0 0 0 -1 0 2 1 0 0 0 0/0 9:37 0:00 0:00
Shane Gersich 0 0 0 0 0 2 0 0 0 0 0/0 6:42 0:00 0:00
Tucker Poolman 0 0 0 2 0 0 0 2 0 0 0/0 10:35 0:00 0:00
Tyler Wotherspoon 0 1 1 1 0 0 1 4 1 1 0/0 26:55 6:32 3:16
Tyson Barrie 0 2 2 2 0 5 0 5 2 1 0/0 28:32 6:32 3:16
Ville Pokka 0 0 0 2 0 0 0 0 0 0 0/0 1:43 0:00 0:00
Zach Budish 1 1 2 2 0 2 0 0 0 0 1/1 16:51 4:20 0:00
Players Stats for Remparts
Player Name G A P +/- PIM S H SB GA TA FO MP PP MP PK MP
------------------------------------------------------------------------------------
Brendan Perlini 0 0 0 -4 2 0 1 0 0 0 0/0 15:15 2:44 0:00
Cédric Lalonde-McNicoll 0 2 2 0 2 0 0 0 0 0 5/7 12:29 0:00 2:02
Guillaume Desbiens 0 0 0 0 2 0 0 1 0 0 0/0 3:26 0:00 0:00
Jake Virtanen 0 0 0 0 2 1 0 0 0 0 0/0 6:55 0:00 2:03
Jonathan Matsumoto 0 1 1 -4 0 1 0 1 0 1 8/12 18:02 2:35 1:11
Keaton Thompson 0 0 0 0 2 1 1 2 0 0 0/0 21:10 1:35 2:17
Matt Puempel 0 1 1 0 0 1 0 2 0 0 0/0 10:28 0:00 0:00
Max Reinhart 1 0 1 -1 0 3 0 1 0 1 22/33 24:34 2:40 5:40
Michael Downing 0 0 0 0 0 0 0 3 0 2 0/0 11:15 0:00 1:32
Michal Jordan 0 1 1 -5 0 2 1 2 0 0 0/0 27:51 3:40 4:08
Nail Yakupov 2 0 2 -1 0 7 1 0 0 0 0/0 10:56 0:25 0:00
Nelson Nogier 0 0 0 0 0 1 0 0 0 0 0/0 9:41 0:00 0:25
Niklas Hansson 0 0 0 0 0 0 0 0 0 2 0/0 23:29 1:35 6:02
Pontus Aberg 0 1 1 -1 0 1 2 0 2 0 1/3 17:17 2:13 0:00
Roberts Lipsbergs 0 0 0 0 0 0 1 0 0 0 0/0 7:49 0:18 2:13
Ryan Strome 0 0 0 -1 0 4 3 0 3 2 2/4 25:38 2:40 5:23
Sam Reinhart 0 0 0 -3 0 2 2 0 0 1 1/2 14:23 2:10 0:00
William Colbert 1 1 2 -5 2 2 3 3 0 1 0/0 27:56 3:40 4:43
3 Stars
1 - Evgeny Kuznetsov (Tex)
2 - Michael Mersch (Tex)
3 - Dana Tyrell (Tex)
Power Play
Little Stars - 1 on 6 Attempt(s) - 16.67%
Remparts - 2 on 4 Attempt(s) - 50.00%
Penalty Kill
Little Stars - 2 on 4 Attempt(s) - 50.00%
- Score 1 goal in Penalty Kill
Remparts - 5 on 6 Attempt(s) - 83.33%
- Score 0 goal in Penalty Kill
Team Stat
Little Stars - Hits : 23 - Faceoff Wins : 22 - Blocked Shots : 16 - Penalty Minutes : 8
Remparts - Hits : 15 - Faceoff Wins : 39 - Blocked Shots : 15 - Penalty Minutes : 12
Official
Referees : Unknown
Linesman : Unknown
Game Notes
Guillaume Desbiens is injured at 8:12 of 1st period (Lower Body)
Evgeny Kuznetsov has scored a Hat Trick!
Igor Bobkov enters game at 0:06 of 2nd period
Finance
Level 1 -- Attendance: 1502 (75.10%) -- Ticket Income $45,060
Level 2 -- Attendance: 791 (79.10%) -- Ticket Income $15,820
Total Attendance: 2293 (76.43%)
Total Ticket Income: $60,880
Other Income: $3,044
Total Income: $63,924
Little Stars
5 vs 5 Forward
Center Left Wing Right Wing Time % Phy DF OF
1 Evgeny Kuznetsov Jesse Joensuu Scott Kosmachuck 40 1 2 2
2 Dana Tyrell Michael Mersch Zach Budish 30 1 2 2
3 Daniel O'regan Emile Poirier Sebastian Wannstrom 20 1 2 2
4 Jason Dickinson Shane Gersich Daniil Tarasov 10 1 2 2
5 vs 5 Defense
Defense Defense Time % Phy DF OF
1 Tyson Barrie Tyler Wotherspoon 40 1 2 2
2 Patrick Wiercioch Anton Cederholm 30 1 2 2
3 Reece Willcox Tucker Poolman 20 1 2 2
4 Ville Pokka Tyson Barrie 10 1 2 2
PowerPlay Forward
Center Left Wing Right Wing Time % Phy DF OF
1 Evgeny Kuznetsov Jesse Joensuu Scott Kosmachuck 60 1 2 2
2 Dana Tyrell Michael Mersch Zach Budish 40 1 2 2
PowerPlay Defense
Defense Defense Time % Phy DF OF
1 Tyson Barrie Tyler Wotherspoon 60 1 2 2
2 Patrick Wiercioch Anton Cederholm 40 1 2 2
Penalty Kill 4 Players Forward
Center Wing Time % Phy DF OF
1 Evgeny Kuznetsov Dana Tyrell 60 1 2 2
2 Jesse Joensuu Scott Kosmachuck 40 1 2 2
Penalty Kill 4 Players Defense
Defense Defense Time % Phy DF OF
1 Tyson Barrie Tyler Wotherspoon 60 1 2 2
2 Patrick Wiercioch Anton Cederholm 40 1 2 2
Penalty Kill - 3 Players Forward
Forward Time % Phy DF OF
1 Evgeny Kuznetsov 60 1 2 2
2 Dana Tyrell 40 1 2 2
Penalty Kill - 3 Players Defense
Defense Defense Time % Phy DF OF
1 Tyson Barrie Tyler Wotherspoon 60 1 2 2
2 Patrick Wiercioch Anton Cederholm 40 1 2 2
4 vs 4 Forward
Center Wing Time % Phy DF OF
1 Evgeny Kuznetsov Dana Tyrell 60 1 2 2
2 Jesse Joensuu Scott Kosmachuck 40 1 2 2
4 vs 4 Defense
Defense Defense Time % Phy DF OF
1 Tyson Barrie Tyler Wotherspoon 60 1 2 2
2 Patrick Wiercioch Anton Cederholm 40 1 2 2
Last Minutes Offensive
Center Left Wing Right Wing Defense Defense
Evgeny Kuznetsov Jesse Joensuu Scott Kosmachuck Tyson Barrie Tyler Wotherspoon
Last Minutes Defensive
Center Left Wing Right Wing Defense Defense
Evgeny Kuznetsov Jesse Joensuu Scott Kosmachuck Tyson Barrie Tyler Wotherspoon
Goaltenders
Starting : Matt Murray
Backup : Peter Delmas
Extra Forwards
Normal : Justin Auger, Radel Fazleev, Julien Nantel - PP : Justin Auger, Radel Fazleev - PK : Julien Nantel
Extra Defensemen
Normal : Reece Willcox, Tucker Poolman, Ville Pokka - PP : Reece Willcox - PK : Tucker Poolman, Ville Pokka
Penalty Shots
Evgeny Kuznetsov, Dana Tyrell, Jesse Joensuu, Scott Kosmachuck, Zach Budish
Scratches
Adam Tambellini (Broken Bone (Right Leg) Injury), Eric Knodel (Broken Right Thumb Injury), Connor Knapp (Healthy), Spencer Martin (Healthy)
Remparts
5 vs 5 Forward
Center Left Wing Right Wing Time % Phy DF OF
1 Max Reinhart Pontus Aberg Ryan Strome 40 0 2 3
2 Jonathan Matsumoto Brendan Perlini Guillaume Desbiens 30 0 2 3
3 Cédric Lalonde-McNicoll Matt Puempel Nail Yakupov 20 0 2 3
4 Sam Reinhart Roberts Lipsbergs Jake Virtanen 10 1 2 2
5 vs 5 Defense
Defense Defense Time % Phy DF OF
1 William Colbert Michal Jordan 40 0 2 3
2 Niklas Hansson Keaton Thompson 30 1 2 2
3 Michael Downing Nelson Nogier 20 1 2 2
4 William Colbert Michal Jordan 10 1 2 2
PowerPlay Forward
Center Left Wing Right Wing Time % Phy DF OF
1 Max Reinhart Pontus Aberg Ryan Strome 60 0 0 4
2 Jonathan Matsumoto Brendan Perlini Guillaume Desbiens 40 0 1 4
PowerPlay Defense
Defense Defense Time % Phy DF OF
1 William Colbert Michal Jordan 60 0 2 3
2 Niklas Hansson Keaton Thompson 40 0 2 3
Penalty Kill 4 Players Forward
Center Wing Time % Phy DF OF
1 Max Reinhart Ryan Strome 60 1 3 1
2 Cédric Lalonde-McNicoll Guillaume Desbiens 40 1 3 1
Penalty Kill 4 Players Defense
Defense Defense Time % Phy DF OF
1 William Colbert Niklas Hansson 60 1 4 0
2 Keaton Thompson Michal Jordan 40 1 4 0
Penalty Kill - 3 Players Forward
Forward Time % Phy DF OF
1 Max Reinhart 60 1 3 1
2 Ryan Strome 40 1 3 1
Penalty Kill - 3 Players Defense
Defense Defense Time % Phy DF OF
1 William Colbert Niklas Hansson 60 1 4 0
2 Keaton Thompson Michal Jordan 40 1 4 0
4 vs 4 Forward
Center Wing Time % Phy DF OF
1 Max Reinhart Ryan Strome 60 0 2 3
2 Jonathan Matsumoto Pontus Aberg 40 0 2 3
4 vs 4 Defense
Defense Defense Time % Phy DF OF
1 William Colbert Michal Jordan 60 0 3 2
2 Niklas Hansson Keaton Thompson 40 0 3 2
Last Minutes Offensive
Center Left Wing Right Wing Defense Defense
Max Reinhart Pontus Aberg Ryan Strome Michal Jordan William Colbert
Last Minutes Defensive
Center Left Wing Right Wing Defense Defense
Max Reinhart Pontus Aberg Ryan Strome William Colbert Niklas Hansson
Goaltenders
Starting : Garret Sparks
Backup : Igor Bobkov
Extra Forwards
Normal : Sam Reinhart, Ryan Strome, Max Reinhart - PP : Sam Reinhart, Ryan Strome - PK : Jake Virtanen
Extra Defensemen
Normal : Michal Jordan, William Colbert, Niklas Hansson - PP : Keaton Thompson - PK : Michal Jordan, William Colbert
Penalty Shots
Jonathan Matsumoto, Ryan Strome, Cédric Lalonde-McNicoll, Pontus Aberg, Max Reinhart
Scratches
Viktor Baldayev (Broken Bone (Right Ankle) Injury), Juuso Ikonen (Healthy), Colin Smith (Healthy), Kyle Platzer (Healthy), Connor Honey (Healthy)
Anton Zlobin (Healthy), Mitchell Heard (Healthy), Tim Bozon (Healthy), Marek Langhamer (Healthy)
% Time on Ice - Little Stars
Lines # - Real PCT - Wanted PCT - Time Play
Normal Forward
1 - 34% - 40% - 15:08
2 - 29% - 30% - 12:34
3 - 22% - 20% - 9:37
4 - 15% - 10% - 6:42
Normal Defense
1 - 38% - 40% - 16:36
2 - 34% - 30% - 15:07
3 - 24% - 20% - 10:35
4 - 4% - 10% - 1:43
PP Forward
1 - 55% - 60% - 5:14
2 - 45% - 40% - 4:20
PP Defense
1 - 68% - 60% - 6:32
2 - 32% - 40% - 3:02
PK Forward
1 - 72% - 60% - 3:48
2 - 28% - 40% - 1:27
PK Defense
1 - 62% - 60% - 3:16
2 - 38% - 40% - 1:59
PK3 Forward
1 - 0% - 60%
2 - 0% - 40%
PK3 Defense
1 - 0% - 60%
2 - 0% - 40%
44 Forward
1 - 66% - 60% - 0:46
2 - 34% - 40% - 0:24
44 Defense
1 - 44% - 60% - 0:31
2 - 56% - 40% - 0:39
Last Minute Offensive - 0:00
Last Minute Defensive - 0:00
Total
Forward - 60:00
Defense - 60:00
|
% Time on Ice - Remparts
Lines # - Real PCT - Wanted PCT - Time Play
Normal Forward
1 - 37% - 40% - 16:10
2 - 28% - 30% - 12:32
3 - 24% - 20% - 10:28
4 - 11% - 10% - 4:51
Normal Defense
1 - 37% - 40% - 16:20
2 - 38% - 30% - 16:47
3 - 21% - 20% - 9:16
4 - 4% - 10% - 1:38
PP Forward
1 - 46% - 60% - 2:25
2 - 54% - 40% - 2:50
PP Defense
1 - 70% - 60% - 3:40
2 - 30% - 40% - 1:35
PK Forward
1 - 72% - 60% - 6:29
2 - 28% - 40% - 2:29
PK Defense
1 - 61% - 60% - 5:26
2 - 39% - 40% - 3:32
PK3 Forward
1 - 100% - 60% - 0:36
2 - 0% - 40% - 0:00
PK3 Defense
1 - 100% - 60% - 0:36
2 - 0% - 40% - 0:00
44 Forward
1 - 71% - 60% - 0:50
2 - 29% - 40% - 0:20
44 Defense
1 - 56% - 60% - 0:39
2 - 44% - 40% - 0:31
Last Minute Offensive - 0:00
Last Minute Defensive - 0:00
Total
Forward - 60:00
Defense - 60:00
|
Play-by-Play
1st period
0:01 of 1st period - Max Reinhart wins face-off versus Jesse Joensuu in neutral zone.
0:12 of 1st period - Slapshot by Jesse Joensuu.
0:12 of 1st period - Shot Hit the Post.
0:14 of 1st period - Slapshot by Tyson Barrie.
0:14 of 1st period - Stopped by Garret Sparks with a rebound.
1:16 of 1st period - Niklas Hansson is hit by Patrick Wiercioch and loses puck.
1:31 of 1st period - Snap shot by Jesse Joensuu.
1:31 of 1st period - Shot Hit the Post.
1:33 of 1st period - Slapshot by Jesse Joensuu.
1:33 of 1st period - Shot Blocked by Michael Downing.
1:35 of 1st period - Snap shot by Jesse Joensuu.
1:35 of 1st period - Shot Misses the Net.
1:37 of 1st period - Slapshot by Anton Cederholm.
1:37 of 1st period - Stopped by Garret Sparks without a rebound.
1:38 of 1st period - Jonathan Matsumoto wins face-off versus Dana Tyrell in Remparts zone.
1:40 of 1st period - Minor Penalty to Guillaume Desbiens for Roughing.
1:41 of 1st period - Max Reinhart wins face-off versus Evgeny Kuznetsov in Remparts zone.
2:11 of 1st period - Snap shot by Cédric Lalonde-McNicoll.
2:11 of 1st period - Shot Misses the Net.
2:29 of 1st period - Slapshot by Tyson Barrie.
2:29 of 1st period - Stopped by Garret Sparks with a rebound.
3:05 of 1st period - Wrist shot by Evgeny Kuznetsov.
3:05 of 1st period - Goal by Evgeny Kuznetsov - Little Stars : 1 - Remparts : 0.
3:06 of 1st period - Jonathan Matsumoto wins face-off versus Evgeny Kuznetsov in neutral zone.
3:38 of 1st period - Wrist shot by Pontus Aberg.
3:38 of 1st period - Shot Blocked by Patrick Wiercioch.
3:54 of 1st period - Snap shot by Emile Poirier.
3:54 of 1st period - Deflect By Zach Budish.
3:54 of 1st period - Shot Blocked by Michael Downing.
3:54 of 1st period - Puck is out of play.
3:55 of 1st period - Jonathan Matsumoto wins face-off versus Dana Tyrell in Remparts zone.
4:24 of 1st period - Slapshot by Pontus Aberg.
4:24 of 1st period - Shot Blocked by Tyson Barrie.
4:42 of 1st period - Snap shot by Nail Yakupov.
4:42 of 1st period - Shot Blocked by Tyler Wotherspoon.
4:44 of 1st period - Slapshot by Michal Jordan.
4:44 of 1st period - Shot Blocked by Tyler Wotherspoon.
4:46 of 1st period - Slapshot by Nail Yakupov.
4:46 of 1st period - Shot Hit the Post.
4:50 of 1st period - Snap shot by Cédric Lalonde-McNicoll.
4:50 of 1st period - Shot Blocked by Tyson Barrie.
5:26 of 1st period - Snap shot by Guillaume Desbiens.
5:26 of 1st period - Shot Misses the Net.
5:28 of 1st period - Snap shot by Jonathan Matsumoto.
5:28 of 1st period - Shot Blocked by Patrick Wiercioch.
5:46 of 1st period - Wrist shot by Jesse Joensuu.
5:46 of 1st period - Shot Misses the Net.
5:48 of 1st period - Slapshot by Patrick Wiercioch.
5:48 of 1st period - Deflect By Ryan Strome.
5:48 of 1st period - Stopped by Garret Sparks without a rebound.
5:49 of 1st period - Max Reinhart wins face-off versus Evgeny Kuznetsov in Remparts zone.
5:58 of 1st period - Snap shot by Ryan Strome.
5:58 of 1st period - Stopped by Matt Murray with a rebound.
6:00 of 1st period - Slapshot by Ryan Strome.
6:00 of 1st period - Shot Misses the Net.
6:02 of 1st period - Snap shot by Nelson Nogier.
6:02 of 1st period - Shot Misses the Net.
6:04 of 1st period - Wrist shot by Ryan Strome.
6:04 of 1st period - Stopped by Matt Murray without a rebound.
6:05 of 1st period - Jonathan Matsumoto wins face-off versus Dana Tyrell in Little Stars zone.
6:24 of 1st period - Jonathan Matsumoto is hit by Dana Tyrell and loses puck.
8:12 of 1st period - Slapshot by Dana Tyrell.
8:12 of 1st period - Shot Blocked by Guillaume Desbiens.
8:12 of 1st period - Guillaume Desbiens from Remparts is injured at 8:12 of 1st period (Lower Body).
8:13 of 1st period - Max Reinhart wins face-off versus Evgeny Kuznetsov in Remparts zone.
8:22 of 1st period - Wrist shot by Pontus Aberg.
8:22 of 1st period - Deflect By Ryan Strome.
8:22 of 1st period - Stopped by Matt Murray with a rebound.
8:28 of 1st period - Backhand shot by Evgeny Kuznetsov.
8:28 of 1st period - Stopped by Garret Sparks without a rebound.
8:29 of 1st period - Emile Poirier wins face-off versus Cédric Lalonde-McNicoll in Remparts zone.
8:30 of 1st period - Slapshot by Tyson Barrie.
8:30 of 1st period - Stopped by Garret Sparks with a rebound.
8:44 of 1st period - Snap shot by Nail Yakupov.
8:44 of 1st period - Stopped by Matt Murray with a rebound.
8:54 of 1st period - Daniel O'regan is hit by William Colbert and loses puck.
9:19 of 1st period - Slapshot by Evgeny Kuznetsov.
9:19 of 1st period - Shot Misses the Net.
9:47 of 1st period - Snap shot by Shane Gersich.
9:47 of 1st period - Stopped by Garret Sparks without a rebound.
9:48 of 1st period - Max Reinhart wins face-off versus Evgeny Kuznetsov in Remparts zone.
9:48 of 1st period - Max Reinhart is hit by Jesse Joensuu.
10:24 of 1st period - Slapshot by Nail Yakupov.
10:24 of 1st period - Shot Misses the Net.
10:26 of 1st period - Slapshot by Michal Jordan.
10:26 of 1st period - Stopped by Matt Murray with a rebound.
10:38 of 1st period - Slapshot by Patrick Wiercioch.
10:38 of 1st period - Deflect By Daniel O'regan.
10:38 of 1st period - Shot Blocked by Michael Downing.
10:38 of 1st period - Puck is out of play.
10:39 of 1st period - Sam Reinhart wins face-off versus Daniel O'regan in Remparts zone.
11:30 of 1st period - Snap shot by Zach Budish.
11:30 of 1st period - Goal by Zach Budish - Little Stars : 2 - Remparts : 0.
11:31 of 1st period - Max Reinhart wins face-off versus Evgeny Kuznetsov in neutral zone.
11:43 of 1st period - Off-side.
11:44 of 1st period - Max Reinhart wins face-off versus Scott Kosmachuck in neutral zone.
12:20 of 1st period - Wrist shot by Nail Yakupov.
12:20 of 1st period - Shot Misses the Net.
12:42 of 1st period - Snap shot by Shane Gersich.
12:42 of 1st period - Stopped by Garret Sparks with a rebound.
12:44 of 1st period - Snap shot by Patrick Wiercioch.
12:44 of 1st period - Stopped by Garret Sparks with a rebound.
13:43 of 1st period - Slapshot by Cédric Lalonde-McNicoll.
13:43 of 1st period - Shot Misses the Net.
13:45 of 1st period - Wrist shot by Cédric Lalonde-McNicoll.
13:45 of 1st period - Shot Misses the Net.
13:47 of 1st period - Snap shot by Nail Yakupov.
13:47 of 1st period - Shot Misses the Net.
13:49 of 1st period - Slapshot by Niklas Hansson.
13:49 of 1st period - Shot Blocked by Tucker Poolman.
15:43 of 1st period - Cédric Lalonde-McNicoll is hit by Patrick Wiercioch and loses puck.
16:09 of 1st period - Jake Virtanen is hit by Sebastian Wannstrom and loses puck.
16:41 of 1st period - Wrist shot by Evgeny Kuznetsov.
16:41 of 1st period - Goal by Evgeny Kuznetsov - Little Stars : 3 - Remparts : 0.
16:42 of 1st period - Evgeny Kuznetsov wins face-off versus Max Reinhart in neutral zone.
16:45 of 1st period - William Colbert is hit by Scott Kosmachuck and loses puck.
17:13 of 1st period - Icing by Keaton Thompson.
17:14 of 1st period - Jonathan Matsumoto wins face-off versus Dana Tyrell in Remparts zone.
17:19 of 1st period - Zach Budish is hit by Sam Reinhart and loses puck.
17:26 of 1st period - Wrist shot by Tyson Barrie.
17:26 of 1st period - Stopped by Garret Sparks with a rebound.
17:28 of 1st period - Slapshot by Tyler Wotherspoon.
17:28 of 1st period - Shot Misses the Net.
17:30 of 1st period - Snap shot by Zach Budish.
17:30 of 1st period - Stopped by Garret Sparks without a rebound.
17:31 of 1st period - Max Reinhart wins face-off versus Evgeny Kuznetsov in Remparts zone.
17:54 of 1st period - Icing by Scott Kosmachuck.
17:55 of 1st period - Cédric Lalonde-McNicoll wins face-off versus Daniel O'regan in Little Stars zone.
17:58 of 1st period - Wrist shot by Nail Yakupov.
17:58 of 1st period - Stopped by Matt Murray with a rebound.
18:04 of 1st period - Slapshot by Nail Yakupov.
18:04 of 1st period - Shot Misses the Net.
18:06 of 1st period - Snap shot by Cédric Lalonde-McNicoll.
18:06 of 1st period - Shot Misses the Net.
18:08 of 1st period - Slapshot by Nelson Nogier.
18:08 of 1st period - Stopped by Matt Murray with a rebound.
18:10 of 1st period - Snap shot by Nail Yakupov.
18:10 of 1st period - Stopped by Matt Murray with a rebound.
18:31 of 1st period - Minor Penalty to Emile Poirier for Hooking.
18:32 of 1st period - Evgeny Kuznetsov wins face-off versus Max Reinhart in Little Stars zone.
Goals for this period are 3 for Little Stars vs 0 for Remparts.
Shots for this period are 14 for Little Stars vs 8 for Remparts.
2nd period
0:01 of 2nd period - Evgeny Kuznetsov wins face-off versus Max Reinhart in neutral zone.
0:06 of 2nd period - Wrist shot by Evgeny Kuznetsov.
0:06 of 2nd period - Goal by Evgeny Kuznetsov - Little Stars : 4 - Remparts : 0.
0:06 of 2nd period - Igor Bobkov enters game.
0:07 of 2nd period - Evgeny Kuznetsov wins face-off versus Max Reinhart in neutral zone.
0:18 of 2nd period - Slapshot by Michal Jordan.
0:18 of 2nd period - Deflect By Pontus Aberg.
0:18 of 2nd period - Stopped by Matt Murray with a rebound.
0:20 of 2nd period - Snap shot by William Colbert.
0:20 of 2nd period - Shot Blocked by Evgeny Kuznetsov.
0:22 of 2nd period - Wrist shot by Max Reinhart.
0:22 of 2nd period - Goal by Max Reinhart - Little Stars : 4 - Remparts : 1.
0:23 of 2nd period - Max Reinhart wins face-off versus Evgeny Kuznetsov in neutral zone.
0:34 of 2nd period - Jesse Joensuu is hit by Pontus Aberg and loses puck.
0:49 of 2nd period - Tyler Wotherspoon is hit by William Colbert.
0:55 of 2nd period - Snap shot by Dana Tyrell.
0:55 of 2nd period - Deflect By Cédric Lalonde-McNicoll.
0:55 of 2nd period - Shot Misses the Net.
0:55 of 2nd period - Puck is out of play.
0:56 of 2nd period - Dana Tyrell wins face-off versus Cédric Lalonde-McNicoll in Remparts zone.
1:07 of 2nd period - Wrist shot by Dana Tyrell.
1:07 of 2nd period - Stopped by Igor Bobkov with a rebound.
1:09 of 2nd period - Slapshot by Anton Cederholm.
1:09 of 2nd period - Shot Misses the Net.
1:11 of 2nd period - Slapshot by Patrick Wiercioch.
1:11 of 2nd period - Shot Misses the Net.
1:26 of 2nd period - Patrick Wiercioch is hit by Ryan Strome and loses puck.
1:41 of 2nd period - Wrist shot by Emile Poirier.
1:41 of 2nd period - Shot Misses the Net.
1:47 of 2nd period - Slapshot by Daniel O'regan.
1:47 of 2nd period - Shot Misses the Net.
3:16 of 2nd period - Off-side.
3:17 of 2nd period - Pontus Aberg wins face-off versus Jason Dickinson in neutral zone.
4:04 of 2nd period - Snap shot by Evgeny Kuznetsov.
4:04 of 2nd period - Goal by Evgeny Kuznetsov - Little Stars : 5 - Remparts : 1.
4:05 of 2nd period - Evgeny Kuznetsov wins face-off versus Pontus Aberg in neutral zone.
4:20 of 2nd period - Jesse Joensuu is hit by Ryan Strome and loses puck.
4:57 of 2nd period - Matt Puempel is hit by Jason Dickinson and loses puck.
5:06 of 2nd period - Tyson Barrie is hit by Nail Yakupov and loses puck.
5:55 of 2nd period - Dana Tyrell is hit by Brendan Perlini and loses puck.
6:20 of 2nd period - Pontus Aberg is hit by Patrick Wiercioch and loses puck.
6:27 of 2nd period - Snap shot by Scott Kosmachuck.
6:27 of 2nd period - Stopped by Igor Bobkov without a rebound.
6:28 of 2nd period - Evgeny Kuznetsov wins face-off versus Jonathan Matsumoto in Remparts zone.
7:24 of 2nd period - Icing by Ryan Strome.
7:25 of 2nd period - Ryan Strome wins face-off versus Jesse Joensuu in Remparts zone.
7:47 of 2nd period - Wrist shot by Max Reinhart.
7:47 of 2nd period - Shot Misses the Net.
7:49 of 2nd period - Snap shot by Pontus Aberg.
7:49 of 2nd period - Shot Blocked by Evgeny Kuznetsov.
7:51 of 2nd period - Wrist shot by Max Reinhart.
7:51 of 2nd period - Shot Blocked by Tyson Barrie.
7:53 of 2nd period - Snap shot by William Colbert.
7:53 of 2nd period - Stopped by Matt Murray without a rebound.
7:54 of 2nd period - Jonathan Matsumoto wins face-off versus Dana Tyrell in Little Stars zone.
7:55 of 2nd period - Wrist shot by Sam Reinhart.
7:55 of 2nd period - Shot Misses the Net.
8:41 of 2nd period - Snap shot by Emile Poirier.
8:41 of 2nd period - Deflect By Jesse Joensuu.
8:41 of 2nd period - Stopped by Igor Bobkov with a rebound.
8:47 of 2nd period - Wrist shot by Jesse Joensuu.
8:47 of 2nd period - Shot Blocked by Michal Jordan.
9:07 of 2nd period - Snap shot by Michael Mersch.
9:07 of 2nd period - Shot Blocked by William Colbert.
9:09 of 2nd period - Snap shot by Dana Tyrell.
9:09 of 2nd period - Stopped by Igor Bobkov without a rebound.
9:10 of 2nd period - Jonathan Matsumoto wins face-off versus Dana Tyrell in Remparts zone.
9:21 of 2nd period - Wrist shot by Sam Reinhart.
9:21 of 2nd period - Stopped by Matt Murray without a rebound.
9:22 of 2nd period - Jesse Joensuu wins face-off versus Max Reinhart in Little Stars zone.
9:35 of 2nd period - Snap shot by Max Reinhart.
9:35 of 2nd period - Stopped by Matt Murray without a rebound.
9:36 of 2nd period - Max Reinhart wins face-off versus Evgeny Kuznetsov in Little Stars zone.
9:39 of 2nd period - Snap shot by Max Reinhart.
9:39 of 2nd period - Shot Misses the Net.
10:24 of 2nd period - Wrist shot by Daniel O'regan.
10:24 of 2nd period - Stopped by Igor Bobkov with a rebound.
10:26 of 2nd period - Slapshot by Anton Cederholm.
10:26 of 2nd period - Stopped by Igor Bobkov with a rebound.
10:28 of 2nd period - Slapshot by Patrick Wiercioch.
10:28 of 2nd period - Deflect By Nail Yakupov.
10:28 of 2nd period - Stopped by Igor Bobkov with a rebound.
10:30 of 2nd period - Slapshot by Emile Poirier.
10:30 of 2nd period - Shot Misses the Net.
11:04 of 2nd period - Snap shot by Jake Virtanen.
11:04 of 2nd period - Stopped by Matt Murray without a rebound.
11:05 of 2nd period - Max Reinhart wins face-off versus Evgeny Kuznetsov in Little Stars zone.
11:14 of 2nd period - Snap shot by Tyler Wotherspoon.
11:14 of 2nd period - Shot Misses the Net.
11:26 of 2nd period - Minor Penalty to Scott Kosmachuck for Tripping.
11:27 of 2nd period - Evgeny Kuznetsov wins face-off versus Pontus Aberg in Little Stars zone.
11:58 of 2nd period - Snap shot by Jonathan Matsumoto.
11:58 of 2nd period - Stopped by Matt Murray with a rebound.
12:00 of 2nd period - Slapshot by Michal Jordan.
12:00 of 2nd period - Shot Blocked by Tyson Barrie.
12:02 of 2nd period - Slapshot by William Colbert.
12:02 of 2nd period - Goal by William Colbert - Little Stars : 5 - Remparts : 2.
12:03 of 2nd period - Ryan Strome wins face-off versus Evgeny Kuznetsov in neutral zone.
12:30 of 2nd period - Michael Mersch is hit by Sam Reinhart and loses puck.
12:49 of 2nd period - Snap shot by Nail Yakupov.
12:49 of 2nd period - Goal by Nail Yakupov - Little Stars : 5 - Remparts : 3.
12:50 of 2nd period - Max Reinhart wins face-off versus Evgeny Kuznetsov in neutral zone.
13:11 of 2nd period - Scott Kosmachuck is hit by Ryan Strome and loses puck.
13:22 of 2nd period - Snap shot by Dana Tyrell.
13:22 of 2nd period - Stopped by Igor Bobkov with a rebound.
13:42 of 2nd period - Nail Yakupov is hit by Daniel O'regan.
13:54 of 2nd period - Snap shot by Daniel O'regan.
13:54 of 2nd period - Stopped by Igor Bobkov with a rebound.
14:06 of 2nd period - Tyson Barrie is hit by Roberts Lipsbergs and loses puck.
14:20 of 2nd period - Icing by Keaton Thompson.
14:21 of 2nd period - Max Reinhart wins face-off versus Evgeny Kuznetsov in Remparts zone.
14:21 of 2nd period - Max Reinhart is hit by Scott Kosmachuck.
14:53 of 2nd period - Wrist shot by Sam Reinhart.
14:53 of 2nd period - Stopped by Matt Murray with a rebound.
14:55 of 2nd period - Wrist shot by Keaton Thompson.
14:55 of 2nd period - Stopped by Matt Murray with a rebound.
15:11 of 2nd period - Minor Penalty to Cédric Lalonde-McNicoll for Cross-checking.
15:12 of 2nd period - Scott Kosmachuck wins face-off versus Max Reinhart in Remparts zone.
15:27 of 2nd period - Slapshot by Jesse Joensuu.
15:27 of 2nd period - Stopped by Igor Bobkov with a rebound.
15:43 of 2nd period - William Colbert is hit by Dana Tyrell and loses puck.
16:34 of 2nd period - Minor Penalty to Keaton Thompson for Goalie Interference.
16:35 of 2nd period - Max Reinhart wins face-off versus Dana Tyrell in Remparts zone.
16:35 of 2nd period - Max Reinhart is hit by Michael Mersch.
17:10 of 2nd period - Wrist shot by Evgeny Kuznetsov.
17:10 of 2nd period - Shot Misses the Net.
17:11 of 2nd period - Penalty to Cédric Lalonde-McNicoll is over, Cédric Lalonde-McNicoll is back on ice.
18:34 of 2nd period - Penalty to Keaton Thompson is over, Keaton Thompson is back on ice.
18:48 of 2nd period - Wrist shot by Jonathan Matsumoto.
18:48 of 2nd period - Shot Misses the Net.
18:50 of 2nd period - Slapshot by Michael Downing.
18:50 of 2nd period - Shot Misses the Net.
18:52 of 2nd period - Snap shot by Michal Jordan.
18:52 of 2nd period - Deflect By Tyler Wotherspoon.
18:52 of 2nd period - Stopped by Matt Murray with a rebound.
18:58 of 2nd period - Wrist shot by Jonathan Matsumoto.
18:58 of 2nd period - Shot Blocked by Tyson Barrie.
19:00 of 2nd period - Snap shot by Michal Jordan.
19:00 of 2nd period - Deflect By Jonathan Matsumoto.
19:00 of 2nd period - Shot Misses the Net.
19:00 of 2nd period - Puck is out of play.
19:01 of 2nd period - Cédric Lalonde-McNicoll wins face-off versus Jason Dickinson in Little Stars zone.
19:02 of 2nd period - Snap shot by Nail Yakupov.
19:02 of 2nd period - Stopped by Matt Murray with a rebound.
19:04 of 2nd period - Slapshot by Niklas Hansson.
19:04 of 2nd period - Deflect By Nail Yakupov.
19:04 of 2nd period - Stopped by Matt Murray without a rebound.
19:05 of 2nd period - Cédric Lalonde-McNicoll wins face-off versus Jason Dickinson in Little Stars zone.
19:08 of 2nd period - Snap shot by Nail Yakupov.
19:08 of 2nd period - Deflect By Matt Puempel.
19:08 of 2nd period - Stopped by Matt Murray with a rebound.
19:32 of 2nd period - Slapshot by Jesse Joensuu.
19:32 of 2nd period - Shot Misses the Net.
19:38 of 2nd period - Snap shot by Evgeny Kuznetsov.
19:38 of 2nd period - Shot Hit the Post.
19:40 of 2nd period - Wrist shot by Scott Kosmachuck.
19:40 of 2nd period - Stopped by Igor Bobkov with a rebound.
19:58 of 2nd period - Snap shot by Jonathan Matsumoto.
19:58 of 2nd period - Shot Blocked by Tucker Poolman.
Goals for this period are 2 for Little Stars vs 3 for Remparts.
Shots for this period are 13 for Little Stars vs 15 for Remparts.
3rd period
0:01 of 3rd period - Evgeny Kuznetsov wins face-off versus Max Reinhart in neutral zone.
0:26 of 3rd period - Sam Reinhart is hit by Dana Tyrell.
1:27 of 3rd period - Keaton Thompson is hit by Patrick Wiercioch and loses puck.
2:14 of 3rd period - Snap shot by Max Reinhart.
2:14 of 3rd period - Shot Misses the Net.
2:16 of 3rd period - Snap shot by Max Reinhart.
2:16 of 3rd period - Deflect By Ryan Strome.
2:16 of 3rd period - Shot Blocked by Tyler Wotherspoon.
2:16 of 3rd period - Puck is out of play.
2:17 of 3rd period - Evgeny Kuznetsov wins face-off versus Jonathan Matsumoto in Little Stars zone.
2:28 of 3rd period - Wrist shot by Jesse Joensuu.
2:28 of 3rd period - Deflect By Evgeny Kuznetsov.
2:28 of 3rd period - Stopped by Igor Bobkov with a rebound.
2:30 of 3rd period - Slapshot by Reece Willcox.
2:30 of 3rd period - Shot Blocked by Michal Jordan.
2:32 of 3rd period - Snap shot by Evgeny Kuznetsov.
2:32 of 3rd period - Shot Blocked by William Colbert.
2:33 of 3rd period - Minor Penalty to Jesse Joensuu for Interference.
2:34 of 3rd period - Dana Tyrell wins face-off versus Jonathan Matsumoto in Little Stars zone.
4:23 of 3rd period - Michal Jordan is hit by Michael Mersch and loses puck.
4:32 of 3rd period - Snap shot by Daniel O'regan.
4:32 of 3rd period - Shot Blocked by William Colbert.
4:33 of 3rd period - Penalty to Jesse Joensuu is over, Jesse Joensuu is back on ice.
4:34 of 3rd period - Snap shot by Michael Mersch.
4:34 of 3rd period - Goal by Michael Mersch - Little Stars : 6 - Remparts : 3.
4:35 of 3rd period - Max Reinhart wins face-off versus Scott Kosmachuck in neutral zone.
5:02 of 3rd period - Matt Puempel is hit by Patrick Wiercioch and loses puck.
5:58 of 3rd period - Snap shot by Daniil Tarasov.
5:58 of 3rd period - Stopped by Igor Bobkov without a rebound.
5:59 of 3rd period - Cédric Lalonde-McNicoll wins face-off versus Evgeny Kuznetsov in Remparts zone.
6:29 of 3rd period - Slapshot by Evgeny Kuznetsov.
6:29 of 3rd period - Shot Blocked by Jonathan Matsumoto.
6:31 of 3rd period - Wrist shot by Scott Kosmachuck.
6:31 of 3rd period - Stopped by Igor Bobkov with a rebound.
6:33 of 3rd period - Snap shot by Jesse Joensuu.
6:33 of 3rd period - Goal by Jesse Joensuu - Little Stars : 7 - Remparts : 3.
6:34 of 3rd period - Zach Budish wins face-off versus Ryan Strome in neutral zone.
7:00 of 3rd period - Jonathan Matsumoto is hit by Tyler Wotherspoon and loses puck.
7:19 of 3rd period - Snap shot by Nail Yakupov.
7:19 of 3rd period - Shot Misses the Net.
7:31 of 3rd period - Slapshot by Scott Kosmachuck.
7:31 of 3rd period - Shot Blocked by Matt Puempel.
7:33 of 3rd period - Snap shot by Scott Kosmachuck.
7:33 of 3rd period - Shot Misses the Net.
7:37 of 3rd period - Wrist shot by Jesse Joensuu.
7:37 of 3rd period - Stopped by Igor Bobkov with a rebound.
7:39 of 3rd period - Wrist shot by Evgeny Kuznetsov.
7:39 of 3rd period - Stopped by Igor Bobkov with a rebound.
7:41 of 3rd period - Slapshot by Tyson Barrie.
7:41 of 3rd period - Shot Misses the Net.
7:43 of 3rd period - Wrist shot by Evgeny Kuznetsov.
7:43 of 3rd period - Shot Misses the Net.
7:45 of 3rd period - Snap shot by Tyler Wotherspoon.
7:45 of 3rd period - Shot Blocked by Matt Puempel.
7:59 of 3rd period - Wrist shot by Jesse Joensuu.
7:59 of 3rd period - Deflect By Scott Kosmachuck.
7:59 of 3rd period - Shot Misses the Net.
7:59 of 3rd period - Puck is out of play.
8:00 of 3rd period - Max Reinhart wins face-off versus Dana Tyrell in Remparts zone.
8:25 of 3rd period - Brendan Perlini is hit by Anton Cederholm.
8:33 of 3rd period - Wrist shot by Sebastian Wannstrom.
8:33 of 3rd period - Stopped by Igor Bobkov with a rebound.
8:35 of 3rd period - Wrist shot by Sebastian Wannstrom.
8:35 of 3rd period - Stopped by Igor Bobkov without a rebound.
8:36 of 3rd period - Max Reinhart wins face-off versus Daniel O'regan in Remparts zone.
8:45 of 3rd period - Wrist shot by Daniel O'regan.
8:45 of 3rd period - Shot Blocked by Keaton Thompson.
9:14 of 3rd period - Slapshot by Michael Mersch.
9:14 of 3rd period - Goal by Michael Mersch - Little Stars : 8 - Remparts : 3.
9:15 of 3rd period - Evgeny Kuznetsov wins face-off versus Max Reinhart in neutral zone.
9:15 of 3rd period - Evgeny Kuznetsov is hit by Michal Jordan.
9:22 of 3rd period - Minor Penalty to William Colbert for High sticking.
9:23 of 3rd period - Max Reinhart wins face-off versus Evgeny Kuznetsov in Remparts zone.
9:49 of 3rd period - Icing by Zach Budish.
9:50 of 3rd period - Max Reinhart wins face-off versus Dana Tyrell in Little Stars zone.
9:51 of 3rd period - Snap shot by Ryan Strome.
9:51 of 3rd period - Deflect By Tyler Wotherspoon.
9:51 of 3rd period - Shot Misses the Net.
9:51 of 3rd period - Puck is out of play.
9:52 of 3rd period - Dana Tyrell wins face-off versus Max Reinhart in Little Stars zone.
10:32 of 3rd period - Jake Virtanen is hit by Scott Kosmachuck and loses puck.
11:19 of 3rd period - Anton Cederholm is hit by Keaton Thompson and loses puck.
11:22 of 3rd period - Penalty to William Colbert is over, William Colbert is back on ice.
12:04 of 3rd period - Michael Mersch is hit by William Colbert.
12:16 of 3rd period - Wrist shot by Zach Budish.
12:16 of 3rd period - Shot Blocked by Keaton Thompson.
12:18 of 3rd period - Slapshot by Dana Tyrell.
12:18 of 3rd period - Stopped by Igor Bobkov without a rebound.
12:19 of 3rd period - Cédric Lalonde-McNicoll wins face-off versus Evgeny Kuznetsov in Remparts zone.
12:19 of 3rd period - Cédric Lalonde-McNicoll is hit by Evgeny Kuznetsov.
12:25 of 3rd period - Snap shot by Matt Puempel.
12:25 of 3rd period - Deflect By Nail Yakupov.
12:25 of 3rd period - Goal by Nail Yakupov - Little Stars : 8 - Remparts : 4.
12:26 of 3rd period - Evgeny Kuznetsov wins face-off versus Sam Reinhart in neutral zone.
13:19 of 3rd period - Snap shot by Sam Reinhart.
13:19 of 3rd period - Shot Misses the Net.
13:21 of 3rd period - Slapshot by Jonathan Matsumoto.
13:21 of 3rd period - Shot Blocked by Jason Dickinson.
14:28 of 3rd period - Snap shot by Michael Mersch.
14:28 of 3rd period - Shot Blocked by Max Reinhart.
14:30 of 3rd period - Wrist shot by Dana Tyrell.
14:30 of 3rd period - Stopped by Igor Bobkov without a rebound.
14:31 of 3rd period - Michael Mersch wins face-off versus Jonathan Matsumoto in Remparts zone.
14:34 of 3rd period - Slapshot by Michael Mersch.
14:34 of 3rd period - Stopped by Igor Bobkov with a rebound.
14:36 of 3rd period - Snap shot by Tyson Barrie.
14:36 of 3rd period - Stopped by Igor Bobkov without a rebound.
14:37 of 3rd period - Jonathan Matsumoto wins face-off versus Evgeny Kuznetsov in Remparts zone.
14:37 of 3rd period - Jonathan Matsumoto is hit by Evgeny Kuznetsov.
14:40 of 3rd period - Minor Penalty to Brendan Perlini for Tripping.
14:41 of 3rd period - Evgeny Kuznetsov wins face-off versus Max Reinhart in Remparts zone.
14:45 of 3rd period - Snap shot by Evgeny Kuznetsov.
14:45 of 3rd period - Shot Misses the Net.
14:49 of 3rd period - Wrist shot by Jesse Joensuu.
14:49 of 3rd period - Deflect By Evgeny Kuznetsov.
14:49 of 3rd period - Stopped by Igor Bobkov without a rebound.
14:50 of 3rd period - Evgeny Kuznetsov wins face-off versus Ryan Strome in Remparts zone.
15:29 of 3rd period - Minor Penalty to Jesse Joensuu for Roughing.
15:30 of 3rd period - Max Reinhart wins face-off versus Evgeny Kuznetsov in Little Stars zone.
15:31 of 3rd period - Wrist shot by Ryan Strome.
15:31 of 3rd period - Shot Misses the Net.
15:33 of 3rd period - Snap shot by Max Reinhart.
15:33 of 3rd period - Shot Blocked by Tyler Wotherspoon.
15:35 of 3rd period - Wrist shot by William Colbert.
15:35 of 3rd period - Shot Misses the Net.
15:37 of 3rd period - Wrist shot by Ryan Strome.
15:37 of 3rd period - Stopped by Matt Murray without a rebound.
15:38 of 3rd period - Max Reinhart wins face-off versus Evgeny Kuznetsov in Little Stars zone.
15:49 of 3rd period - Slapshot by Max Reinhart.
15:49 of 3rd period - Stopped by Matt Murray with a rebound.
15:51 of 3rd period - Snap shot by Ryan Strome.
15:51 of 3rd period - Shot Hit the Post.
16:33 of 3rd period - Patrick Wiercioch is hit by Pontus Aberg and loses puck.
16:40 of 3rd period - Penalty to Brendan Perlini is over, Brendan Perlini is back on ice.
16:45 of 3rd period - Icing by Max Reinhart.
16:46 of 3rd period - Evgeny Kuznetsov wins face-off versus Max Reinhart in Remparts zone.
17:29 of 3rd period - Penalty to Jesse Joensuu is over, Jesse Joensuu is back on ice.
17:35 of 3rd period - Niklas Hansson is hit by Patrick Wiercioch and loses puck.
17:53 of 3rd period - Minor Penalty to Jake Virtanen for Slashing.
17:54 of 3rd period - Max Reinhart wins face-off versus Evgeny Kuznetsov in Remparts zone.
18:13 of 3rd period - Max Reinhart is hit by Jesse Joensuu and loses puck.
19:53 of 3rd period - Penalty to Jake Virtanen is over, Jake Virtanen is back on ice.
Goals for this period are 3 for Little Stars vs 1 for Remparts.
Shots for this period are 15 for Little Stars vs 3 for Remparts.
Back to the Top